 Dungeon Crawl Stone Soup version 0.28-a0-872-g80cf8599ee (webtiles) character file.

Game seed: 9125157902950789448

322 bande the Covered (level 6, -2/58 HPs)
             Began as a Gargoyle Fighter on Nov 21, 2021.
             Slain by an iguana (9 damage)
             ... on level 4 of the Dungeon.
             The game lasted 00:04:31 (3255 turns).

bande the Covered (Gargoyle Fighter)                Turns: 3255, Time: 00:04:32

Health: -2/58      AC: 23    Str: 20    XL:     6   Next: 47%
Magic:  6/6        EV:  2    Int:  9    God:
Gold:   90         SH:  5    Dex: 10    Spells: 5/5 levels left

rFire   . . .      SeeInvis .   a - +0 war axe (vamp)
rCold   . . .      Faith    .   c - +1 buckler
rNeg    + . .      Spirit   .   (armour currently unavailable)
rPois   ∞          Reflect  .   (helmet currently unavailable)
rElec   .          Harm     .   (cloak currently unavailable)
rCorr   .          Rampage  .   (gloves currently unavailable)
Will    .....      NoTele   +   (boots currently unavailable)
Stlth   +.........              (no amulet)
HPRegen 0.19/turn               (no ring)
MPRegen 0.10/turn               (no ring)

@: tree-form
A: stationary, stasis, torment immunity, boosted hp, sickness immunity, AC +4,
negative energy resistance 1, (electricity resistance), torment resistance 1,
petrification resistance
a: no special abilities


You were on level 4 of the Dungeon.
You were a tree.
You visited 1 branch of the dungeon, and saw 4 of its levels.

You collected 90 gold pieces.

Inventory:

Hand Weapons
 a - a +0 vampiric war axe (weapon)
Armour
 b - a +0 scale mail (melded)
 c - a +1 buckler (worn)
Wands
 l - a wand of paralysis (10)
Scrolls
 f - a scroll of blinking
 g - a scroll of amnesia
 h - a scroll of magic mapping
 j - 2 scrolls of teleportation
Potions
 d - a potion of might
 i - 2 potions of haste
 k - a potion of ambrosia {unknown}
 m - a potion of curing {unknown}


   Skills:
 + Level 4.3 Fighting
 + Level 4.2 Axes
 + Level 4.7 Armour
 + Level 4.1 Shields
 * Level 0.3 Evocations


You had 5 spell levels left.
You didn't know any spells.
Your spell library contained the following spells:

 Spells                   Type           Power      Damage    Failure   Level
 Sting                    Tmut/Pois      0%         1d3       38%         1
 Summon Small Mammal      Summ           0%         N/A       38%         1
 Poisonous Vapours        Pois/Air       0%         N/A       52%         2
 Call Canine Familiar     Summ           0%         N/A       77%         3
 Summon Guardian Golem    Hex/Summ       0%         N/A       77%         3
 Olgreb's Toxic Radiance  Pois           0%         N/A       99%         4


Dungeon Overview and Level Annotations

Branches:
Dungeon (4/15)
 Temple: D:4-7

Altars:
Nemelex Xobeh


Innate Abilities, Weirdness & Mutations

You are a tree.
Your roots penetrate the ground, keeping you stationary.
You cannot be teleported.
You are immune to unholy pain and torment.
Your maximum health is greatly increased.
Your equipment is partially melded.
You are immune to sickness and miasma.
((Your stone body is resilient. (AC +4)))
You are immune to poison.
You resist negative energy. (rN+)
((You are resistant to electric shocks. (rElec)))
You are resistant to unholy torment.
You are immune to petrification.


Message History

No target in view!
No target in view!
No target in view!
You start resting.
HP restored.
You start waiting.
Done waiting.
You start waiting.
Done waiting.
There is a stone staircase leading up here.
Found an escape hatch in the ceiling.
Found a stone staircase leading down.
An iguana comes into view.
The iguana hisses angrily.
An iguana is nearby!
The iguana bites you but does no damage.
You barely miss the iguana. The iguana bites you! x2
You barely miss the iguana.
The iguana bites you but does no damage.
You hit the iguana.
You feel better.
The iguana is moderately wounded.
The iguana bites you.
You barely miss the iguana.
The iguana is moderately wounded.
You block the iguana's attack.
You completely miss the iguana.
The iguana is moderately wounded.
The iguana bites you! x2
* * * LOW HITPOINT WARNING * * *
You are too injured to fight recklessly!
You are too injured to fight recklessly!
You are too injured to fight recklessly!
You are too injured to fight recklessly!
You are too injured to fight recklessly!
You are too injured to fight recklessly!
You are too injured to fight recklessly!
It was a potion of lignification.
You turn into a tree.
Your +0 scale mail melds into your body.
Your roots penetrate the ground.
The iguana bites you!
You die...

####.##.###..####...
#.##...........#
###.##.###..####...#
#....<.# #..# .#
#.#.#### #..######..
#.#.######........#
##............####.#
.....#####.....##.#
...#............♣##
.......###....>#l.#
.#####.# ##...##.#.#
# #.#####..##.###
#........##.. +
#..###...##..
+..##..# #........
#.....###...###.#
#####.......###.#


You could see an iguana.

Vanquished Creatures
  An ice beast (D:4)
  A scorpion (D:4)
  A jelly (D:4)
  Jessica (D:3)
  A hound skeleton (D:4)
  5 adders
  A worm (D:2)
  2 dart slugs
  An orc (D:3)
  A bat (D:2)
  5 endoplasms
  A giant cockroach (D:4)
  6 goblins
  5 hobgoblins (D:1)
  3 jackals (D:1)
  3 quokkas
  5 ball pythons
  4 frilled lizards
  3 kobolds
  8 rats
58 creatures vanquished.

Notes
Turn   | Place    | Note
-------+----------+-------------------------------------------
     0 | D:1      | bande the Gargoyle Fighter began the quest for the Orb.
     0 | D:1      | Reached XP level 1. HP: 14/14 MP: 1/1
    68 | D:1      | Reached XP level 2. HP: 16/19 MP: 2/2
   614 | D:1      | Found a faded altar of an unknown god.
   812 | D:1      | Reached XP level 3. HP: 22/24 MP: 3/3
  1696 | D:2      | Reached XP level 4. HP: 29/29 MP: 4/4
  2158 | D:3      | Noticed Jessica
  2163 | D:3      | Killed Jessica
  2164 | D:3      | Reached XP level 5. HP: 31/33 MP: 5/5
  2243 | D:3      | Found a sparkling altar of Nemelex Xobeh.
  2797 | D:4      | Noticed an ice beast
  2811 | D:4      | Killed an ice beast
  2812 | D:4      | Reached XP level 6. HP: 20/39 MP: 6/6
  3255 | D:4      | Slain by an iguana

Illustrated notes

Levels and vault maps discovered:
D:1:      lemuel_arrival_muddy, layout_loops_ring, ebering_ecumenical_altar_box
D:2:      layout_rooms
D:3:      layout_loops_cross, nemelex_dance_club_becter, uniq_jessica
D:4:      lemuel_castle_with_subvaults [lemuel_castle_interior_carwin_1],
          layout_loops_ring, gammafunk_temple_overflow_wave,
          kennysheep_cross_bottleneck

Skill      XL: |  1  2  3  4  5 |
---------------+----------------+-----
Axes           | 2 3 4 |  4.2
Armour         | 4 |  4.7
Fighting       | 4 |  4.3
Shields        | 4 |  4.1
Evocations     | |  0.3

Action                   |  1- 3 |  4- 6 || total
-------------------------+-------+-------++-------
Melee: War axe           |   132 |   103 ||   235
  Use: Scroll            |     4 |     7 ||    11
       Potion            |       |     1 ||     1
Armor: Scale mail        |    73 |    54 ||   127
Dodge: Dodged            |    76 |    42 ||   118
Block: Buckler           |    30 |    26 ||    56

Table legend: (Time is in decaauts)
 A = Elapsed time spent in this place.
 B = Non-inter-level travel time spent in this place.
 C = Inter-level travel time spent in this place.
 D = Time resting spent in this place.
 E = Time spent auto-exploring this place.
 F = Levels seen in this place.
 G = Mean time per level.
                   A        B        C        D        E       F      G
               +--------+--------+--------+--------+--------+-----+--------+
         Total |   3349 |   3324 |     25 |    985 |   1723 |   4 |  837.2 |
       Dungeon |   3349 |   3324 |     25 |    985 |   1723 |   4 |  837.2 |
               +--------+--------+--------+--------+--------+-----+--------+

Top non-repeatable levels by time:
     D:1: 1277 daAuts
     D:2: 775 daAuts
     D:3: 728 daAuts
     D:4: 568 daAuts
